 Dungeon Crawl Stone Soup version 0.31-a0-198-g2ad674f65e (webtiles) character file.

Game seed: 13958639316825871931

52 qw the Shooter (level 3, 0/20 HPs)
             Began as a Deep Elf Hunter on June 25, 2023.
             Slain by a goblin
             ... wielding a +0 dagger
             ... led by Robin
              (3 damage)
             ... on level 2 of the Dungeon.
             The game lasted 00:00:23 (894 turns).

qw the Shooter (Deep Elf Hunter)                     Turns: 894, Time: 00:00:23

Health: 0/20       AC:  3    Str: 10    XL:     3   Next: 60%
Magic:  5/5        EV: 12    Int: 13    God:
Gold:   15         SH:  0    Dex: 18    Spells: 2/2 levels left

rFire   . . .        Y - +0 shortbow
rCold   . . .        (shield currently unavailable)
rNeg    . . .        c - +0 leather armour
rPois   .            (no helmet)
rElec   .            (no cloak)
rCorr   .            (no gloves)
SInv    .            (no boots)
Will    .....        (no amulet)
Stlth   ++           (no ring)
HPRegen 0.23/turn    (no ring)
MPRegen 0.09/turn

%: no passive effects
@: no status effects
A: no striking features
a: no special abilities


You were on level 2 of the Dungeon.
You visited 1 branch of the dungeon, and saw 2 of its levels.

You collected 15 gold pieces.


   Skills:
 - Level 1.5 Fighting
 + Level 7.1 Ranged Weapons
 - Level 2.4 Dodging
 - Level 1.2 Stealth


You had 2 spell levels left.
You didn't know any spells.
Your spell library was empty.

Inventory:

Hand Weapons
 Y - a +0 shortbow (weapon)
Armour
 c - a +0 leather armour (worn)
Potions
 d - a potion of berserk rage {unknown}
 g - a potion of heal wounds {unknown}
 i - a potion of might {unknown}

Dungeon Overview and Level Annotations

Branches:
Dungeon (2/15)

Altars:

Annotations:
D:2 Robin


Message History

You hear a shout!
You shoot an arrow. The arrow hits the goblin.
You kill the goblin!
A goblin comes into view. It is wielding a +0 dagger.
You shoot an arrow. The arrow hits the goblin.
The goblin is heavily wounded.
You shoot an arrow. The arrow hits the goblin.
You kill the goblin!
You hear a shout! x2
You shoot an arrow. The arrow closely misses the hobgoblin.
You hear a shout!
You shoot an arrow. The arrow closely misses the hobgoblin.
The hobgoblin hits you. Robin throws the goblin at you!
The goblin hits you with a dagger. The hobgoblin completely misses you.
You shoot an arrow. The arrow misses the goblin.
A hobgoblin comes into view.
The hobgoblin misses you. The goblin hits you with a +0 dagger.
The goblin completely misses you.
You shoot an arrow. The arrow hits the goblin.
The goblin is heavily wounded.
The hobgoblin barely misses you. The goblin closely misses you. x2
The hobgoblin closely misses you.
You shoot an arrow. The arrow hits the goblin!
You kill the goblin!
The hobgoblin barely misses you. x2; The goblin hits you but does no damage.
A goblin comes into view. It is wielding a +0 dagger.
You shoot an arrow. The arrow misses the goblin.
The hobgoblin hits you. x2; The goblin hits you with a +0 dagger.
You shoot an arrow. The arrow closely misses the goblin.
The hobgoblin closely misses you. The hobgoblin barely misses you.
The goblin closely misses you.
You shoot an arrow. The arrow barely misses the goblin.
The hobgoblin closely misses you. x2; The goblin closely misses you.
You shoot an arrow. The arrow hits the goblin.
The goblin is severely wounded.
The hobgoblin no longer looks unusually strong. x2
The hobgoblin barely misses you.
The hobgoblin hits you but does no damage.
Robin throws the goblin at you! The goblin hits you with a +0 dagger.
You die...

##..#.>..<#
#....##..#
#.####.#.##..#
#......#.##..#
#..#####.##..#
#........##..#
##.#####.##..#
#.##..####
#g@g......
#.g.ggg#..####
#..###g## .# .
... .. #... ..
#... .. #####
#


You could see Robin, 3 hobgoblins and 3 goblins.

Vanquished Creatures
  An adder (D:2)
  5 ball pythons (D:1)
  3 endoplasms (D:1)
  A giant cockroach (D:1)
  11 goblins
  2 hobgoblins (D:1)
  4 kobolds (D:1)
  A quokka (D:1)
  A bat (D:1)
  2 frilled lizards (D:1)
  6 rats (D:1)
37 creatures vanquished.

Notes
Turn   | Place    | Note
-------+----------+-------------------------------------------
     0 | D:1      | qw the Deep Elf Hunter began the quest for the Orb.
     0 | D:1      | Reached XP level 1. HP: 12/12 MP: 3/3
     0 | D:1      | 0 ||| qw: Version: 0.3-a-22-g0ed2b0b
     0 | D:1      | 0 ||| qw: Game counter: 5322
     0 | D:1      | 0 ||| qw: Melee chars always use a shield: true
     0 | D:1      | 0 ||| qw: God list: Okawaru
     0 | D:1      | 0 ||| qw: Allow faded altars: false
     0 | D:1      | 0 ||| qw: Do Orc after clearing Dungeon:15 true
     0 | D:1      | 0 ||| qw: Do second Lair branch before Depths: true
     0 | D:1      | 0 ||| qw: Lair rune preference: random
     0 | D:1      | 0 ||| qw: Goals: Normal
     0 | D:1      | 0 ||| PLANNING D:1-11
    72 | D:1      | Reached skill level 6 in Ranged Weapons
    72 | D:1      | Reached XP level 2. HP: 16/16 MP: 4/4
   308 | D:1      | Reached XP level 3. HP: 20/20 MP: 5/5
   705 | D:1      | 705 ||| READING 2 scrolls labelled NYEMIU KUSAIXEIPH.
   706 | D:1      | 706 ||| READING scroll labelled DIFAXT ROSUYSI.
   707 | D:1      | 707 ||| READING scroll labelled TUEKIZ MAOKLIERUPN.
   708 | D:1      | 708 ||| READING scroll labelled QOXYNUEBIKO.
   809 | D:1      | 809 ||| DROPPING scroll of noise.
   810 | D:1      | 810 ||| DROPPING scroll of butterflies.
   860 | D:2      | Reached skill level 7 in Ranged Weapons
   881 | D:2      | Noticed Robin
   891 | D:2      | HP: 5/20 [hobgoblin[Robin] (4)]
   891 | D:2      | HP: 2/20 [goblin/+0 dagger[Robin] (1)]
   894 | D:2      | Slain by a goblin

Levels and vault maps discovered:
D:1:      dpeg_arrival_court, layout_loops_ring, serial_bayou_ford_a
D:2:      layout_loops_ring, serial_glass, glass_columns_a, glass_columns_c,
          hangedman_feature_mirror, minmay_ruptured, uniq_jessica, uniq_robin,
          uniq_crazy_yiuf_cottage

Skill      XL: |  1  2  3 |
---------------+----------+-----
Ranged Weapons | 6 7 |  7.1
Fighting       | |  1.5
Dodging        | |  2.4
Stealth        | |  1.2

Action                     || total
---------------------------++-------
   Fire: Shortbow          ||    92
    Use: Scroll            ||     4
 Armour: Leather armour    ||     2
  Dodge: Dodged            ||    20

Table legend:
 A = Non-vault XP
 B = Vault XP
 C = Vault XP percentage of total XP
 D = Non-vault monster count
 E = Vault monster count
 F = Vault count percentage of total count
                 A         B        C        D         E       F
            +---------+---------+-------+---------+---------+-------
      Total |      69 |       6 |   8.0 |      34 |       3 |   8.1
            +---------+---------+-------+---------+---------+-------
        D:1 |      55 |       0 |   0.0 |      33 |       0 |   0.0
        D:2 |      14 |       6 |  30.0 |       1 |       3 |  75.0
            +---------+---------+-------+---------+---------+-------
